Construct Infanterie Kompanie
Selects Italian Coastal Battlegroup
Selects Italian Coastal Battlegroup
Construct Panzergrenadier Kompanie
Selects Artillery Officer
Pak 40 Anti-tank Gun Team
Nebelwerfer 42 Rocket Launcher Team
Selects Rapid Fortifications
Panzergrenadier Officer Quarters
Nebelwerfer 42 Rocket Launcher Team
Construct Panzer Kompanie
Selects Obice da 210/22 Artillery Emplacement
Selects Obice da 210/22 Artillery Emplacement